 Dungeon Crawl Stone Soup version 0.28.0-45-g0d030f2227 (webtiles) character file.

Game seed: 6922701642050124753

77 bobregger the Cudgeller (level 4, -2/72 HPs)
             Began as an Ogre Berserker on Apr 22, 2022.
             Was a Follower of Trog.
             Killed from afar by Sigmund (7 damage)
             ... with a magic dart
             ... on level 2 of the Dungeon.
             The game lasted 00:01:59 (1743 turns).

bobregger the Cudgeller (Ogre Berserker)            Turns: 1743, Time: 00:02:00

Health: -2/72      AC:  3    Str: 21    XL:     4   Next: 33%
Magic:  4/4        EV: 10    Int:  8    God:    Trog [*.....]
Gold:   56         SH:  5    Dex: 10    Spells: 3/3 levels left

rFire   . . .      SeeInvis .   f - +0 flail
rCold   . . .      Faith    .   (no shield)
rNeg    . . .      Spirit   .   b - +0 animal skin
rPois   .          Reflect  +   (helmet restricted)
rElec   .          Harm     .   (no cloak)
rCorr   .          Rampage  .   (gloves unavailable)
Will    .....                   (boots unavailable)
Stlth   ..........              g - amulet of reflection
HPRegen 0.22/turn               (no ring)
MPRegen 0.09/turn               (no ring)

@: berserking, very quick
A: large, unfitting armour, tough skin 1
a: Renounce Religion, Berserk


You were on level 2 of the Dungeon.
You worshipped Trog.
Trog was aware of your devotion.
You visited 1 branch of the dungeon, and saw 2 of its levels.

You collected 56 gold pieces.

Inventory:

Hand Weapons
 f - a +0 flail (weapon)
Armour
 b - a +0 animal skin (worn)
Jewellery
 g - an amulet of reflection (around neck)
Scrolls
 c - 2 scrolls of identify {unknown}
 d - 3 scrolls of teleportation {unknown}
 e - a scroll of fear {unknown}
Potions
 a - a potion of curing {unknown}
 h - 2 potions of haste {unknown}


   Skills:
 - Level 4.0 Fighting
 + Level 4.5 Maces & Flails
 - Level 2.6 Dodging


You had 3 spell levels left.
You didn't know any spells.
Your spell library was empty.

Dungeon Overview and Level Annotations

Branches:
Dungeon (2/15)

Altars:

Shops:
D:2 [

Annotations:
D:2 Sigmund


Innate Abilities, Weirdness & Mutations

You are too large for most types of armour.
You have tough skin. (AC +1)


Message History

You are confused.
Sigmund is nearby!
You're too confused to move!
Sigmund casts a spell.
Sigmund flickers and vanishes!
Deactivating autopickup; reactivate with Ctrl-A.
An endoplasm comes into view.
The endoplasm quivers.
Something hits you!
Found 6 gold pieces.
You feel less confused.
A red film seems to cover your vision as you go berserk!
You feel yourself moving faster!
You feel mighty! Something hits you!
You hit something. Something hits you!
You closely miss something. The endoplasm barely misses you.
You sock something! The endoplasm freezes you.
You are frozen.
Something hits you!
You writhe in agony.
You barely miss something. The endoplasm freezes you.
You are frozen.
You barely miss something. Something hits you!
* * * LOW HITPOINT WARNING * * *
You writhe in agony.
* * * LOW HITPOINT WARNING * * *
You bludgeon something!! The endoplasm hits you.
* * * LOW HITPOINT WARNING * * *
You miss something. The endoplasm barely misses you.
You hear some strange, mumbled words.
A puff of flame appears from out of thin air!
The puff of flame hits you!
* * * LOW HITPOINT WARNING * * *
You barely miss something. The endoplasm freezes you.
You are frozen.
* * * LOW HITPOINT WARNING * * *
You hear some strange, mumbled words.
A magic dart appears from out of thin air!
The magic dart hits you!
You die...

.#### # #......## .#
#.#.# #.##.##.. .#
#.#.# #. #†##.# .#
#.#.# # #.##.# .#
##.#.# #. #..<.# ..
#####....# #.##.#### #.
$........# #.#...### #
#...{J# #........
###...@.# ##.......#
#.......######.........
#.#...................#
#.:...#######......##
#.#..## #.#...## #.#..#
##.##.## # #..# #...#.#
#..# ###...#.# #..#
#.......#


You could see an endoplasm.

Vanquished Creatures
  Terence (D:2)
  An adder (D:2)
  2 dart slugs (D:1)
  3 endoplasms (D:1)
  2 giant cockroaches (D:2)
  5 goblins
  2 hobgoblins (D:1)
  5 jackals
  2 quokkas
  2 ball pythons
  4 bats
  A frilled lizard (D:1)
  2 kobolds
  4 rats
36 creatures vanquished.

Notes
Turn   | Place    | Note
-------+----------+-------------------------------------------
     0 | D:1      | bobregger the Ogre Berserker began the quest for the Orb.
     0 | D:1      | Reached XP level 1. HP: 24/24 MP: 1/1
    51 | D:1      | Reached XP level 2. HP: 24/32 MP: 2/2
   779 | D:1      | Found a faded altar of an unknown god.
   807 | D:1      | Reached XP level 3. HP: 36/39 MP: 3/3
  1075 | D:2      | Found Zeuc's Armour Boutique.
  1091 | D:2      | Noticed Terence
  1101 | D:2      | Killed Terence
  1106 | D:2      | Reached XP level 4. HP: 37/48 MP: 4/4
  1728 | D:2      | Noticed Sigmund
  1743 | D:2      | Killed from afar by Sigmund

Illustrated notes

Levels and vault maps discovered:
D:1:      scummos_arrival_hexagon, layout_basic, basic_ecumenical_altar,
          fountainhead
D:2:      layout_loops_ring, serial_shops, nicolae_diamond_shop, uniq_sigmund,
          uniq_terence

Skill      XL: |  1  2  3 |
---------------+----------+-----
Maces & Flails | 3 4 |  4.5
Fighting       | |  4.0
Dodging        | |  2.6

Action                   |  1- 3 |  4- 6 || total
-------------------------+-------+-------++-------
Melee: Mace              |    74 |       ||    74
       Flail             |       |    34 ||    34
       Punch             |       |     1 ||     1
Invok: Berserk           |     1 |     1 ||     2
 Stab: Sleeping          |       |     1 ||     1
Armor: Animal skin       |    29 |     7 ||    36
Dodge: Dodged            |    41 |    13 ||    54
